cohdb
Replays
Latest Replays
All Replays
Popular Replays
Top Player Replays
Match Explorer
How It Works
Community
CoH3 Stats
Reddit
Sign in to upload your games and track your stats! →
Sign in with Steam
Match 43643857
Unlisted
Match 43643857
Overview
Messages
Build Orders
End
Construct Barracks
Selects Heavy Weapons
1⁄4-ton 4x4 Truck
Riflemen Squad
Riflemen Squad
Riflemen Squad
Construct Medical Station
Infantry Support Center
Construct Motor Pool
Selects Assault Carriers
Selects Halftrack Strongpoints
M8 Greyhound Armored Car
Grenade Package
Engineer Squad
M1918 Browning Automatic Rifles
Symbiosis
CAuMOH
Pin0kyo
hooveric
0
0
Comments
sign in to comment!
No comments posted yet!